 Dungeon Crawl Stone Soup version 0.24-a0-417-g1cce26a4d2 (webtiles) character file.

Game seed: 6445843663853714287

66 Ilgrip the Vexing (level 3, 0/26 HPs)
             Began as a Demonspawn Arcane Marksman on June 11, 2019.
             Succumbed to an adder's poison
             ... on level 4 of the Dungeon.
             The game lasted 00:02:01 (949 turns).

Ilgrip the Vexing (Demonspawn Arcane Marksman)       Turns: 949, Time: 00:02:02

Health: 0/26       AC:  2    Str: 10    XL:     3   Next: 96%
Magic:  1/4        EV: 13    Int: 15    God:
Gold:   54         SH:  0    Dex: 13    Spells: 3/4 levels left

rFire    + . .     SeeInvis .   q - +2 hand axe (flame)
rCold    + . .     Gourm    .   (no shield)
rNeg     . . .     Faith    .   e - +0 robe
rPois    +         Spirit   +   (no helmet)
rElec    +         Reflect  .   (no cloak)
rCorr    +         Harm     .   (no gloves)
MR       .....                  (no boots)
Stlth    +.........             (no amulet)
HPRegen  0.08/turn              (no ring)
MPRegen  0.09/turn              (no ring)

@: lethally poisoned (0 -> -9), resistant, berserk cooldown, slowed, very slow
A: hooves 1, sense surroundings 1, magic shield
a: no special abilities


You were on level 4 of the Dungeon.
You were not hungry.

You visited 1 branch of the dungeon, and saw 3 of its levels.

You collected 54 gold pieces.

Inventory:

Hand Weapons
 a - a +0 hunting sling
 q - a +2 hand axe of flaming (weapon)
Missiles
 d - 43 sling bullets
 i - 71 stones (quivered)
Armour
 e - a +0 robe (worn)
Jewellery
 p - an uncursed ring of positive energy {unknown}
Scrolls
 c - a scroll of remove curse {unknown}
 j - a scroll of fear {unknown}
 k - 2 scrolls of identify {unknown}
 m - a scroll of magic mapping {unknown}
 o - a scroll of fog {unknown}
 s - a scroll of teleportation {unknown}
Potions
 g - 3 potions of resistance
 h - a potion of brilliance {unknown}
 l - a potion of cancellation {unknown}
 n - a potion of mutation
Comestibles
 f - 4 rations
 r - a chunk of flesh


   Skills:
 - Level 1.3 Fighting
 - Level 2.7 Slings
 * Level 0.1(1.6) Throwing
 + Level 2.5 Dodging
 - Level 0.1 Stealth
 * Level 1.2 Spellcasting
 * Level 3.4 Hexes


You had 3 spell levels left.
You knew the following spells:

 Your Spells              Type           Power        Failure   Level  Hunger
a - Corona                Hex            ##.....      6%          1    ##.....

Your spell library contained the following spells:

 Spells                   Type           Power        Failure   Level  Hunger
 Slow                     Hex            ##......     9%          2    ###....
 Inner Flame              Hex/Fire       #.......     34%         3    ####...
 Portal Projectile        Hex/Tloc       #.....       34%         3    ####...
 Cause Fear               Hex            ##........   52%         4    #####..
 Leda's Liquefaction      Hex/Erth       #.........   75%         4    #####..


Dungeon Overview and Level Annotations

Branches:
Dungeon (2/15)

Altars:
Cheibriados


Innate Abilities, Weirdness & Mutations

When hurt, damage is shared between your health and your magic reserves.
You have large cloven feet.
You passively map a small area around you.


Message History

You feel sick.
You are too berserk!
You see here 8 sling bullets.
d - 43 sling bullets (gained 8)
You feel a strong urge to attack something.
* * * LOW HITPOINT WARNING * * *
You feel sick.
You fall into a shaft and drop 2 floors!
The shaft crumbles and collapses.
You hear the hiss of flowing sand.
There is an entrance to an ossuary on this level.
Hurry and find it before the portal is buried!
* * * LOW HITPOINT WARNING * * *
You feel sick.
Found a stone staircase leading down.
You feel your anger nearly subside.
You are no longer berserk.
You are exhausted.
You feel yourself slow down.
* * * LOW HITPOINT WARNING * * *
You feel sick.
You die...

###
#######.#
........#
* #@# *,
#.# , #.#
#.# * #.#
* #.# * *
,, .>. ,
#.# * * ,
...,


There were no monsters in sight!

Vanquished Creatures
  2 adders (D:2)
  3 worms (D:2)
  2 dart slugs
  6 bats
  A giant cockroach (D:2)
  5 goblins
  6 hobgoblins
  2 frilled lizards (D:1)
  3 kobolds
  8 rats
38 creatures vanquished.

Notes
Turn   | Place    | Note
-------+----------+-------------------------------------------
     0 | D:1      | Ilgrip the Demonspawn Arcane Marksman began the quest for
                  | the Orb.
     0 | D:1      | Reached XP level 1. HP: 15/15 MP: 2/2
   209 | D:1      | Gained mutation: When hurt, damage is shared between your
                  | health and your magic reserves. [demonic ancestry]
   209 | D:1      | Reached XP level 2. HP: 21/21 MP: 3/3
   626 | D:2      | Found a snail-covered altar of Cheibriados.
   640 | D:2      | Reached XP level 3. HP: 21/26 MP: 4/4
   941 | D:2      | Gained mutation: You have large cloven feet. [potion of
                  | mutation]
   941 | D:2      | Gained mutation: You passively map a small area around you.
                  | [potion of mutation]
   946 | D:2      | You fall into a shaft and drop 2 floors!
   948 | D:4      | HP: 1/26 [poisoned by an adder]
   949 | D:4      | Succumbed to an adder's poison

Levels and vault maps discovered:
D:1:      dpeg_arrival_ratfight, layout_basic
D:2:      layout_rooms, lemuel_crystal_altar, first_ration
D:4:      layout_basic, kennysheep_mini_moat,
          nicolae_ossuary_entry_false_entrances

Skill      XL: |  1  2 |
---------------+-------+-----
Dodging        | 2 |  2.5
Slings         | 2 |  2.7
Fighting       | |  1.3
Throwing       | |  0.1
Stealth        | |  0.1
Spellcasting   | |  1.2
Hexes          | |  3.4

Action                   || total
-------------------------++-------
Melee: Hand axe          ||     3
 Fire: Hunting sling     ||   130
  Use: Potion            ||     3
Armor: Robe              ||     6
Dodge: Dodged            ||    34

Table legend:
 A = Non-vault XP
 B = Vault XP
 C = Vault XP percentage of total XP
 D = Non-vault monster count
 E = Vault monster count
 F = Vault count percentage of total count
                 A         B        C        D         E       F
            +---------+---------+-------+---------+---------+-------
      Total |      90 |       5 |   5.3 |      33 |       5 |  13.2
            +---------+---------+-------+---------+---------+-------
        D:1 |      25 |       5 |  16.7 |      15 |       5 |  25.0
        D:2 |      65 |       0 |   0.0 |      18 |       0 |   0.0
            +---------+---------+-------+---------+---------+-------
